| TOP OF THE 1ST |
|
Chicago (NYP) White Sox batting - Pitching for Vermont Lake Monsters : RHP Terry Evans
|
|
Pitching: RHP Terry Evans
|
|
|
Batting: RHB Rafael Medina
|
0-0: Foul Ball, location: 2F 0-1: Foul Ball, location: 2F 0-2: Ball 1-2: DOUBLE (Groundball, 5L, EV 104.4 MPH)
|
|
Batting: SHB Danny Gallegos
|
0-0: Fly out, F5 (Popup, 56S, EV 85.6 MPH)
|
|
Batting: LHB Anthony Mosley
|
0-0: Ball 1-0: Called Strike 1-1: Swinging Strike 1-2: Ball 2-2: Ball 3-2: Base on Balls
|
|
Batting: RHB Steve Byerly
|
0-0: Ball 1-0: Swinging Strike 1-1: Ball 2-1: Foul Ball, location: 2F 2-2: Foul Ball, location: 2F 2-2: Grounds into double play, 6-4-3 (Groundball, 6, EV 80.0 MPH)
|
| Top of the 1st over - 0 runs, 1 hit, 0 errors, 1 left on base; Chicago (NYP) 0 - Vermont 0 |
| BOTTOM OF THE 1ST |
|
Vermont Lake Monsters batting - Pitching for Chicago (NYP) White Sox : RHP Troy O'Connor
|
|
Pitching: RHP Troy O'Connor
|
|
|
Batting: RHB Alberto Malagon
|
0-0: Ball 1-0: Ball 2-0: Ball 3-0: Base on Balls
|
|
Batting: RHB Tetsuya Shinoda
|
0-0: Ball 1-0: Called Strike 1-1: Ball 2-1: Ball 3-1: Foul Ball, location: 2F 3-2: Foul Ball, location: 2F 3-2: Strikes out swinging
|
|
Batting: RHB Ryan Jennings
|
0-0: Ball 1-0: Foul Ball, location: 2F 1-1: Fly out, F8 (Flyball, 8RD, EV 105.0 MPH)
|
|
Batting: RHB Edgardo Rivera
|
0-0: Ball 1-0: Ball 2-0: Called Strike 2-1: Ball 3-1: Base on Balls Alberto Malagon to second
|
|
Batting: RHB Amare Brown
|
0-0: Called Strike 0-1: Fly out, F9 (Flyball, 89XD, EV 103.1 MPH)
|
| Bottom of the 1st over - 0 runs, 0 hits, 0 errors, 2 left on base; Chicago (NYP) 0 - Vermont 0 |
| TOP OF THE 2ND |
|
Chicago (NYP) White Sox batting - Pitching for Vermont Lake Monsters : RHP Terry Evans
|
|
Batting: RHB Shintaro Katsumata
|
0-0: Ball 1-0: Swinging Strike 1-1: Ball 2-1: TRIPLE (Line Drive, 9LD, EV 108.8 MPH)
|
|
Batting: RHB Sean Peake
|
0-0: Ball Passed Ball! Shintaro Katsumata scores 1-0: Foul Ball, location: 2F 1-1: Ball 2-1: Called Strike 2-2: Ball 3-2: Base on Balls
|
|
Batting: RHB Yorkis Saiki
|
0-0: Called Strike Sean Peake steals 2nd base (no throw) 0-1: Swinging Strike 0-2: Ball 1-2: Strikes out swinging
|
|
Batting: SHB Manny Berrones
|
0-0: Called Strike 0-1: Foul Ball, location: 2F 0-2: Ball 1-2: Ground out 6-3 (Groundball, 6, EV 83.1 MPH) Sean Peake to third
|
|
Batting: RHB Ighlas Mwara
|
0-0: Foul Ball, location: 2F 0-1: Ground out 4-3 (Groundball, 4S, EV 85.0 MPH)
|
| Top of the 2nd over - 1 run, 1 hit, 0 errors, 1 left on base; Chicago (NYP) 1 - Vermont 0 |
| BOTTOM OF THE 2ND |
|
Vermont Lake Monsters batting - Pitching for Chicago (NYP) White Sox : RHP Troy O'Connor
|
|
Batting: RHB Jon Coleman
|
0-0: Called Strike 0-1: Called Strike 0-2: Ball 1-2: Strikes out swinging
|
|
Batting: SHB Steve Salafia
|
0-0: DOUBLE (Line Drive, 89D, EV 102.5 MPH)
|
|
Batting: SHB Berthold Frey
|
0-0: Foul Ball, location: 2F 0-1: Swinging Strike 0-2: Strikes out looking
|
|
Batting: RHB Ricardo Claros
|
0-0: Ball 1-0: Fly out, F8 (Flyball, 8RD, EV 100.0 MPH)
|
| Bottom of the 2nd over - 0 runs, 1 hit, 0 errors, 1 left on base; Chicago (NYP) 1 - Vermont 0 |
| TOP OF THE 3RD |
|
Chicago (NYP) White Sox batting - Pitching for Vermont Lake Monsters : RHP Terry Evans
|
|
Batting: RHB Rafael Medina
|
0-0: Foul Ball, location: 2F 0-1: Ball 1-1: Fly out, F8 (Flyball, 8LD, EV 103.8 MPH)
|
|
Batting: SHB Danny Gallegos
|
0-0: Swinging Strike 0-1: Ball 1-1: Called Strike 1-2: Ball 2-2: Strikes out looking
|
|
Batting: LHB Anthony Mosley
|
0-0: Ball 1-0: Ball 2-0: Called Strike 2-1: Ball 3-1: Swinging Strike 3-2: Foul Ball, location: 2F 3-2: Ground out 2-3 (Groundball, 2L, EV 73.8 MPH)
|
| Top of the 3rd over - 0 runs, 0 hits, 0 errors, 0 left on base; Chicago (NYP) 1 - Vermont 0 |
| BOTTOM OF THE 3RD |
|
Vermont Lake Monsters batting - Pitching for Chicago (NYP) White Sox : RHP Troy O'Connor
|
|
Batting: RHB Alberto Malagon
|
0-0: Fly out, F7 (Flyball, 7, EV 80.0 MPH)
|
|
Batting: RHB Tetsuya Shinoda
|
0-0: Ball 1-0: Foul Ball, location: 2F 1-1: SINGLE (Flyball, 4D, EV 96.9 MPH)
|
|
Batting: RHB Ryan Jennings
|
0-0: Ball 1-0: Called Strike 1-1: Ball 2-1: Foul Ball, location: 2F 2-2: Foul Ball, location: 2F 2-2: Ball 3-2: Ground out 6-3 (Groundball, 6S, EV 66.2 MPH) Tetsuya Shinoda to second
|
|
Batting: RHB Edgardo Rivera
|
0-0: Swinging Strike 0-1: Ball 1-1: Swinging Strike 1-2: Strikes out swinging
|
| Bottom of the 3rd over - 0 runs, 1 hit, 0 errors, 1 left on base; Chicago (NYP) 1 - Vermont 0 |
| TOP OF THE 4TH |
|
Chicago (NYP) White Sox batting - Pitching for Vermont Lake Monsters : RHP Terry Evans
|
|
Batting: RHB Steve Byerly
|
0-0: Ball 1-0: Swinging Strike 1-1: Swinging Strike 1-2: Strikes out swinging
|
|
Batting: RHB Shintaro Katsumata
|
0-0: Called Strike 0-1: Ball 1-1: Ball 2-1: Ball 3-1: Called Strike 3-2: Base on Balls
|
|
Batting: RHB Sean Peake
|
0-0: Ball Shintaro Katsumata steals 2nd, throwing error, E2 Shintaro Katsumata to third 1-0: Ball 2-0: Called Strike 2-1: Ball 3-1: Foul Ball, location: 2F 3-2: Fly out, F8 (Flyball, 8LD, EV 93.8 MPH) Runner from 3rd tags up, SCORES, throw by CF
|
|
Pitching: RHP Pedro Taveras
|
|
|
Batting: RHB Yorkis Saiki
|
0-0: Swinging Strike 0-1: SINGLE (Line Drive, 8RS, EV 101.2 MPH)
|
|
Batting: SHB Manny Berrones
|
0-0: Ball 1-0: Ground out 5-3 (Groundball, 5L, EV 88.1 MPH)
|
| Top of the 4th over - 1 run, 1 hit, 1 error, 1 left on base; Chicago (NYP) 2 - Vermont 0 |
| BOTTOM OF THE 4TH |
|
Vermont Lake Monsters batting - Pitching for Chicago (NYP) White Sox : RHP Troy O'Connor
|
|
Batting: RHB Amare Brown
|
0-0: Foul Ball, location: 2F 0-1: Foul Ball, location: 2F 0-2: Foul Ball, location: 2F 0-2: Ball 1-2: Foul Ball, location: 2F 1-2: Ball 2-2: Foul Ball, location: 2F 2-2: Ball 3-2: Foul Ball, location: 2F 3-2: Foul Ball, location: 2F 3-2: SINGLE (Groundball, 56D, EV 101.9 MPH)
|
|
Batting: RHB Jon Coleman
|
0-0: Ball 1-0: Called Strike 1-1: Fielders Choice at 2nd, 6-4 (Groundball, 6, EV 100.0 MPH)
|
|
Batting: SHB Steve Salafia
|
0-0: Ball 1-0: Swinging Strike 1-1: Fly out, F1 (Line Drive, P, EV 68.8 MPH)
|
|
Batting: SHB Berthold Frey
|
0-0: Ball 1-0: Fielders Choice at 2nd, 5-4 (Groundball, 56, EV 85.6 MPH)
|
| Bottom of the 4th over - 0 runs, 1 hit, 0 errors, 1 left on base; Chicago (NYP) 2 - Vermont 0 |
| TOP OF THE 5TH |
|
Chicago (NYP) White Sox batting - Pitching for Vermont Lake Monsters : RHP Pedro Taveras
|
|
Batting: RHB Ighlas Mwara
|
0-0: SINGLE (Flyball, 8RS, EV 93.1 MPH)
|
|
Batting: RHB Rafael Medina
|
0-0: Called Strike 0-1: Ball 1-1: Fly out, F9 (Flyball, 89M, EV 78.8 MPH)
|
|
Batting: SHB Danny Gallegos
|
0-0: Called Strike Ighlas Mwara steals 2nd base 0-1: Called Strike 0-2: Ball 1-2: Foul Ball, location: 2F 1-2: Ball 2-2: Foul Ball, location: 2F 2-2: Strikes out looking
|
|
Batting: LHB Anthony Mosley
|
0-0: SINGLE (Line Drive, 89S, EV 104.4 MPH) Ighlas Mwara to third
|
|
Batting: RHB Steve Byerly
|
0-0: Swinging Strike 0-1: Foul Ball, location: 2F 0-2: Foul Ball, location: 2F 0-2: Ball 1-2: Foul Ball, location: 2F 1-2: Ball 2-2: Ground out 4-3 (Groundball, 34S, EV 85.6 MPH)
|
| Top of the 5th over - 0 runs, 2 hits, 0 errors, 2 left on base; Chicago (NYP) 2 - Vermont 0 |
| BOTTOM OF THE 5TH |
|
Vermont Lake Monsters batting - Pitching for Chicago (NYP) White Sox : RHP Troy O'Connor
|
|
Batting: RHB Ricardo Claros
|
0-0: Ball 1-0: Called Strike 1-1: Ball 2-1: Ball 3-1: Fly out, F9 (Flyball, 9LS, EV 90.6 MPH)
|
|
Batting: RHB Alberto Malagon
|
0-0: Ground out 5-3 (Groundball, 5L, EV 102.5 MPH)
|
|
Batting: RHB Tetsuya Shinoda
|
0-0: Called Strike 0-1: Swinging Strike 0-2: Ball 1-2: Ball 2-2: Strikes out looking
|
| Bottom of the 5th over - 0 runs, 0 hits, 0 errors, 0 left on base; Chicago (NYP) 2 - Vermont 0 |
| TOP OF THE 6TH |
|
Chicago (NYP) White Sox batting - Pitching for Vermont Lake Monsters : RHP Pedro Taveras
|
|
Batting: RHB Shintaro Katsumata
|
0-0: Fly out, F8 (Flyball, 8RM, EV 87.5 MPH)
|
|
Batting: RHB Sean Peake
|
0-0: Ball 1-0: Called Strike 1-1: Ball 2-1: Swinging Strike 2-2: SINGLE (Line Drive, 89S, EV 91.9 MPH)
|
|
Batting: RHB Yorkis Saiki
|
0-0: Called Strike Sean Peake steals 2nd base (no throw) 0-1: Swinging Strike 0-2: Ball 1-2: Foul Ball, location: 2F 1-2: Foul Ball, location: 2F 1-2: Ball 2-2: Ball 3-2: Foul Ball, location: 2F 3-2: Ground out 5-3 (Groundball, 56, EV 89.4 MPH)
|
|
Pitching: RHP Nasser bin Ata
|
|
|
Batting: SHB Manny Berrones
|
0-0: SINGLE (Line Drive, 56D, EV 94.4 MPH) Sean Peake to third Runner from 3rd tries for Home, SAFE, throw by LF to home
|
|
Batting: RHB Ighlas Mwara
|
0-0: Ball 1-0: Ball 2-0: Ball 3-0: Foul Ball, location: 2F 3-1: Base on Balls Manny Berrones to second
|
|
Batting: RHB Rafael Medina
|
0-0: Called Strike 0-1: Ball 1-1: Ball 2-1: Ball 3-1: Swinging Strike 3-2: Foul Ball, location: 2F 3-2: Base on Balls Manny Berrones to third Ighlas Mwara to second
|
|
Batting: SHB Danny Gallegos
|
0-0: Ball 1-0: Foul Ball, location: 2F 1-1: Ball Wild Pitch! Manny Berrones scores Ighlas Mwara to third Rafael Medina to second 2-1: SINGLE (Groundball, 34D, EV 99.4 MPH) Ighlas Mwara scores Rafael Medina to third Runner from 3rd tries for Home, SAFE, throw by RF to home
|
|
Pitching: RHP Herman McPherson
|
|
|
Batting: LHB Anthony Mosley
|
0-0: Ball Danny Gallegos steals 2nd base 1-0: Swinging Strike 1-1: Swinging Strike 1-2: Ball 2-2: Ball 3-2: Strikes out looking
|
| Top of the 6th over - 4 runs, 3 hits, 0 errors, 1 left on base; Chicago (NYP) 6 - Vermont 0 |
| BOTTOM OF THE 6TH |
|
Vermont Lake Monsters batting - Pitching for Chicago (NYP) White Sox : RHP Troy O'Connor
|
|
Batting: RHB Ryan Jennings
|
0-0: Ball 1-0: Called Strike 1-1: Ball 2-1: Foul Ball, location: 2F 2-2: SINGLE (Groundball, 6D, EV 105.0 MPH)
|
|
Batting: RHB Edgardo Rivera
|
0-0: Swinging Strike 0-1: Ball 1-1: SINGLE (Groundball, 6MD, EV 106.2 MPH) Ryan Jennings to second Runner from 2nd tries for 3rd, SAFE, throw by CF made to third
|
|
Batting: RHB Amare Brown
|
0-0: Fielders Choice at 2nd, 5-4 (Groundball, 56, EV 87.5 MPH) Ryan Jennings scores
|
|
Batting: RHB Jon Coleman
|
0-0: Ball 1-0: Swinging Strike 1-1: Ball 2-1: Called Strike 2-2: Grounds into double play, 4-6-3 (Groundball, 34, EV 85.0 MPH)
|
| Bottom of the 6th over - 1 run, 2 hits, 0 errors, 0 left on base; Chicago (NYP) 6 - Vermont 1 |
| TOP OF THE 7TH |
|
Chicago (NYP) White Sox batting - Pitching for Vermont Lake Monsters : RHP Herman McPherson
|
|
Batting: RHB Steve Byerly
|
0-0: Ball 1-0: Ground out 4-3 (Groundball, 4M, EV 95.6 MPH)
|
|
Batting: RHB Shintaro Katsumata
|
0-0: Ball 1-0: Foul Ball, location: 2F 1-1: Called Strike 1-2: Strikes out swinging
|
|
Batting: RHB Sean Peake
|
0-0: Ball 1-0: Ground out 6-3 (Groundball, 6, EV 83.1 MPH)
|
| Top of the 7th over - 0 runs, 0 hits, 0 errors, 0 left on base; Chicago (NYP) 6 - Vermont 1 |
| BOTTOM OF THE 7TH |
|
Vermont Lake Monsters batting - Pitching for Chicago (NYP) White Sox : RHP Troy O'Connor
|
|
Batting: SHB Steve Salafia
|
0-0: Swinging Strike 0-1: Called Strike 0-2: Ball 1-2: Strikes out swinging
|
|
Batting: SHB Berthold Frey
|
0-0: Called Strike 0-1: Called Strike 0-2: Ball 1-2: Foul Ball, location: 2F 1-2: Foul Ball, location: 2F 1-2: Ground out 5-3 (Groundball, 56, EV 83.8 MPH)
|
|
Batting: RHB Ricardo Claros
|
0-0: Called Strike 0-1: Foul Ball, location: 2F 0-2: Strikes out swinging
|
| Bottom of the 7th over - 0 runs, 0 hits, 0 errors, 0 left on base; Chicago (NYP) 6 - Vermont 1 |
| TOP OF THE 8TH |
|
Chicago (NYP) White Sox batting - Pitching for Vermont Lake Monsters : RHP Herman McPherson
|
|
Batting: RHB Yorkis Saiki
|
0-0: Ball 1-0: Swinging Strike 1-1: Foul Ball, location: 2F 1-2: Foul Ball, location: 2F 1-2: Ball 2-2: Strikes out swinging
|
|
Batting: SHB Manny Berrones
|
0-0: Called Strike 0-1: Ground out 6-3 (Groundball, 6, EV 103.8 MPH)
|
|
Batting: RHB Ighlas Mwara
|
0-0: Ball 1-0: Swinging Strike 1-1: Ground out 6-3 (Groundball, 6S, EV 89.4 MPH)
|
| Top of the 8th over - 0 runs, 0 hits, 0 errors, 0 left on base; Chicago (NYP) 6 - Vermont 1 |
| BOTTOM OF THE 8TH |
|
Vermont Lake Monsters batting - Pitching for Chicago (NYP) White Sox : RHP Troy O'Connor
|
|
Pitching: RHP Mason Broderick
|
|
|
Batting: RHB Alberto Malagon
|
0-0: Called Strike 0-1: Ball 1-1: Ball 2-1: Called Strike 2-2: Foul Ball, location: 2F 2-2: Foul Ball, location: 2F 2-2: Ball 3-2: Hit by Pitch
|
|
Batting: RHB Tetsuya Shinoda
|
0-0: Called Strike 0-1: Ball 1-1: Ball 2-1: Called Strike 2-2: Ball 3-2: Strikes out swinging
|
|
Batting: RHB Ryan Jennings
|
0-0: Called Strike 0-1: Foul Ball, location: 2F 0-2: Strikes out swinging
|
|
Batting: RHB Edgardo Rivera
|
0-0: Fielders Choice at 2nd, 6-4 (Groundball, 6, EV 103.8 MPH)
|
| Bottom of the 8th over - 0 runs, 0 hits, 0 errors, 1 left on base; Chicago (NYP) 6 - Vermont 1 |
| TOP OF THE 9TH |
|
Chicago (NYP) White Sox batting - Pitching for Vermont Lake Monsters : RHP Herman McPherson
|
|
Batting: RHB Rafael Medina
|
0-0: Swinging Strike 0-1: Foul Ball, location: 2F 0-2: Ball 1-2: Ball 2-2: Strikes out swinging
|
|
Pitching: RHP Jasper Schrijver
|
|
|
Batting: SHB Danny Gallegos
|
0-0: Foul Ball, location: 2F 0-1: Swinging Strike 0-2: Ball 1-2: Strikes out looking
|
|
Batting: LHB Anthony Mosley
|
0-0: Called Strike 0-1: Foul Ball, location: 2F 0-2: Ball 1-2: Ground out 4-3 (Groundball, 4, EV 91.2 MPH)
|
| Top of the 9th over - 0 runs, 0 hits, 0 errors, 0 left on base; Chicago (NYP) 6 - Vermont 1 |
| BOTTOM OF THE 9TH |
|
Vermont Lake Monsters batting - Pitching for Chicago (NYP) White Sox : RHP Mason Broderick
|
|
Batting: RHB Amare Brown
|
0-0: Ball 1-0: Foul Ball, location: 2F 1-1: Called Strike 1-2: Hit by Pitch
|
|
Batting: RHB Jon Coleman
|
0-0: Fly out, F9 (Line Drive, 89M, EV 83.8 MPH)
|
|
Batting: SHB Steve Salafia
|
0-0: Ball 1-0: Called Strike 1-1: Fly out, F6 (Line Drive, 6, EV 71.9 MPH)
|
|
Batting: SHB Berthold Frey
|
0-0: TRIPLE (Flyball, 78XD, EV 93.1 MPH) Amare Brown scores
|
|
Batting: RHB Ricardo Claros
|
0-0: Ball 1-0: Ball 2-0: Ball 3-0: Swinging Strike 3-1: Called Strike 3-2: Foul Ball, location: 2F 3-2: Foul Ball, location: 2F 3-2: Foul Ball, location: 2F 3-2: Strikes out swinging
|
| Bottom of the 9th over - 1 run, 1 hit, 0 errors, 1 left on base; Chicago (NYP) 6 - Vermont 2 |
|